 Dungeon Sprint DCSS version 0.21.1-1-g345015f (webtiles) character file.

5100000 Fang the Sabretooth (level 18, -94/109 HPs)
             Began as a Felid Fighter on Apr 16, 2018.
             Was a High Priest of Makhleb.
             Annihilated by a sculptor of flesh
             ... wielding a +9 great sword
              (194 damage)
             ... in the Dungeon (Sprint VIII: "Arena of Blood").
             The game lasted 00:01:22 (51 turns).

Fang the Sabretooth (Felid Fighter)                   Turns: 51, Time: 00:01:23

Health: -94/109    AC:  3    Str: 18    XL:     18   Next: 69%
Magic:  50/50      EV: 39    Int: 11    God:    Makhleb [*****.]
Gold:   0          SH:  0    Dex: 16    Spells: 71/71 levels left
                                        Lives:  0   Deaths: 4

rFire    . . .     SeeInvis +     - Unarmed
rCold    + . .     Gourm    .   (shield unavailable)
rNeg     . . .     Faith    .   (armour unavailable)
rPois    .         Spirit   .   (helmet unavailable)
rElec    .         Reflect  .   (cloak unavailable)
rCorr    .         Harm     .   (gloves unavailable)
MR       ++...     NoTele   +   (boots unavailable)
Stlth    +++++++++.             (no amulet)
HPRegen  0.28/turn              i - +27000 ring of slaying
MPRegen  0.32/turn              (no ring)

@: quick
A: very small, no armour, no weapons or thrown items, stealth, claws 1, fangs 3,
see invisible, carnivore, speed 1, shaggy fur 3, slow metabolism 1, sharp paws
a: Minor Destruction, Lesser Servant of Makhleb, Major Destruction, Greater
Servant of Makhleb, Renounce Religion


You were in the Dungeon.
You worshipped Makhleb.
Makhleb was extremely pleased with you.
You were not hungry.

You visited 1 branch

Inventory:

Jewellery
 i - a +27000 ring of slaying (left paw)
Scrolls
 h - a scroll of blinking
Potions
 a - a potion of might
 c - a potion of curing
 d - a potion of heal wounds
 e - a potion of haste
 f - 2 potions of magic
 g - a potion of berserk rage
Comestibles
 b - a ration


   Skills:
 O Level 27 Fighting
 O Level 27 Dodging
 O Level 27 Stealth
 O Level 27 Unarmed Combat
 O Level 27 Spellcasting
 O Level 27 Invocations


You had 71 spell levels left.
You didn't know any spells.

Dungeon Overview and Level Annotations

Branches:
Dungeon (1/1)

Altars:
Makhleb


Innate Abilities, Weirdness & Mutations

You cannot wear armour.
You are incapable of wielding weapons or throwing items.
Your paws allow you to move quietly. (Stealth)
You have sharp claws.
You have razor-sharp teeth.
You have supernaturally acute eyesight. (SInv)
You are carnivorous and can eat meat at any time.
You cover ground quickly.
Your thick and shaggy fur keeps you warm. (AC +3, rC+)
You have a slow metabolism.
Your sharp claws are effective at attacking unaware monsters.


Message History

You hear a shout! x6
The small abomination completely misses you.
You hear a shout! x4
A bag of meat comes into view. It is wielding a +9 war axe.
You eviscerate the large bag of meat!!!!!!!!
The large bag of meat explodes!
The fiery explosion engulfs the bag of meat.
The fiery explosion engulfs you!
The fiery explosion engulfs the bag of meat.
The fiery explosion engulfs the large bag of meat.
The fiery explosion engulfs the sculptor of flesh.
Makhleb accepts your kill.
You feel better.
You are engulfed in blazing flames.
You hear a shout! x5
The small abomination barely misses you.
You hear a shout! x2
The sculptor of flesh is engulfed in blazing flames.
The sculptor of flesh hits you with a +9 great sword!!!!!
Ouch! That really hurt!
You die...

###...#oOo....§
##....O.#oo.......oOO
o...O.ooooo........D.
#...VOoo..o.....O..
...#.Oo†Oo..#.......#
...o..#OOo..#.o.....#
...#...oxO###.......###. .
........Ooo.ooO###........
......O#.zoOo§@xz.........
....o#...))o.#zx...#......
###.......xo.#_.<._# .....
....#....)..#.....#......
......#.o)....._)........
.............###).......
........###.......###...
......... #.......# .
......... #.o....o#


You could see an eight-headed meat hydra, 3 sculptors of flesh, 3 large bags of
meat, 5 meat berserkers, 2 small abominations, 13 bags of meat and 2 crawling
corpses.

Vanquished Creatures
  2 vampire knights (D)
  6 ogres (D)
  A two-headed ogre (D)
  11 orcs (D)
  A large abomination (D)
  2 crawling corpses (D)
23 creatures vanquished.

Notes
Turn   | Place    | Note
-------+----------+-------------------------------------------
     0 | D        | Fang the Felid Fighter began the quest for the Orb.
     0 | D        | Reached XP level 1. HP: 10/10 MP: 2/2
     4 | D        | Became a worshipper of Makhleb the Destroyer
     5 | D        | Noticed a bag of meat
     5 | D        | Noticed a bag of meat
     5 | D        | Noticed a bag of meat
     6 | D        | Noticed a bag of meat
     7 | D        | Noticed a meat berserker
     7 | D        | Killed a bag of meat
     7 | D        | Reached XP level 2. HP: 24/24 MP: 3/3
     7 | D        | Reached XP level 3. HP: 28/28 MP: 4/4
     7 | D        | Reached XP level 4. HP: 32/32 MP: 5/5
     7 | D        | Reached XP level 5. HP: 36/36 MP: 6/6
     7 | D        | Gained mutation: You are covered in thick fur. (AC +2) [Felid growth]
     7 | D        | Reached XP level 6. HP: 40/40 MP: 7/7
     7 | D        | Reached XP level 7. HP: 43/43 MP: 8/8
     7 | D        | Reached XP level 8. HP: 48/48 MP: 9/9
     7 | D        | Reached XP level 9. HP: 51/51 MP: 10/10
     7 | D        | Reached XP level 10. HP: 55/55 MP: 11/11
     7 | D        | Reached XP level 11. HP: 59/59 MP: 12/12
     9 | D        | Noticed a bag of meat
     9 | D        | Noticed a bag of meat
     9 | D        | Noticed a bag of meat
    10 | D        | Noticed a meat berserker
    11 | D        | Noticed a meat berserker
    11 | D        | Killed a bag of meat
    11 | D        | Reached * piety under Makhleb
    11 | D        | Reached skill level 15 in Fighting
    11 | D        | Gained mutation: Your thick and shaggy fur keeps you warm. (AC +3, rC+) [Felid growth]
    11 | D        | Reached XP level 12. HP: 27/66 MP: 13/13
    11 | D        | Mangled by a meat berserker
    11 | D        | Noticed a bag of meat
    12 | D        | Reached XP level 11. HP: -7/61 MP: 12/12
    13 | D        | Noticed a bag of meat
    14 | D        | Noticed a meat berserker
    14 | D        | Noticed a meat berserker
    15 | D        | Noticed a bag of meat
    15 | D        | Noticed a bag of meat
    18 | D        | Killed a bag of meat
    18 | D        | Reached XP level 12. HP: 52/68 MP: 13/13
    18 | D        | Reached XP level 13. HP: 55/72 MP: 14/14
    19 | D        | Killed a bag of meat
    19 | D        | Reached skill level 27 in Unarmed Combat
    20 | D        | Killed a bag of meat
    20 | D        | Reached ** piety under Makhleb
    20 | D        | Reached XP level 14. HP: 81/81 MP: 15/15
    21 | D        | Noticed a large bag of meat
    21 | D        | Noticed a bag of meat
    21 | D        | Killed a meat berserker
    21 | D        | Reached skill level 27 in Dodging
    21 | D        | Reached XP level 15. HP: 91/91 MP: 16/16
    21 | D        | Slain by a meat berserker
    22 | D        | Reached XP level 14. HP: -5/87 MP: 15/15
    22 | D        | Noticed a destroyer
    23 | D        | Killed a meat berserker
    23 | D        | Reached skill level 27 in Fighting
    23 | D        | Reached XP level 15. HP: 95/95 MP: 16/16
    25 | D        | Noticed a meat berserker
    25 | D        | Reached *** piety under Makhleb
    26 | D        | Noticed a large bag of meat
    27 | D        | Killed a meat berserker
    27 | D        | Reached skill level 15 in Spellcasting
    27 | D        | Reached XP level 16. HP: 100/100 MP: 16/36
    28 | D        | Killed a meat berserker
    29 | D        | Noticed a large bag of meat
    30 | D        | Killed a meat berserker
    30 | D        | Reached **** piety under Makhleb
    30 | D        | Reached skill level 27 in Stealth
    30 | D        | Reached XP level 17. HP: 90/104 MP: 16/43
    31 | D        | Killed a destroyer
    31 | D        | Reached XP level 18. HP: 109/109 MP: 16/47
    32 | D        | Noticed a meat berserker
    33 | D        | Reached skill level 27 in Invocations
    34 | D        | Killed a meat berserker
    34 | D        | Reached skill level 27 in Spellcasting
    35 | D        | Noticed a sculptor of flesh
    36 | D        | Reached ***** piety under Makhleb
    36 | D        | HP: 1/109 [large bag of meat/+9 giant spiked club (106)]
    36 | D        | Noticed a destroyer
    36 | D        | Annihilated by a large bag of meat
    37 | D        | Reached XP level 17. HP: -73/104 MP: 18/49
    37 | D        | Noticed a meat berserker
    37 | D        | Noticed a destroyer
    37 | D        | Noticed a meat berserker
    37 | D        | Killed a destroyer
    37 | D        | Reached XP level 18. HP: 109/109 MP: 50/50
    38 | D        | Noticed a large bag of meat
    39 | D        | Noticed a meat berserker
    39 | D        | Noticed a large bag of meat
    40 | D        | Noticed a meat berserker
    41 | D        | Noticed a destroyer
    42 | D        | Noticed a meat berserker
    43 | D        | Annihilated by a meat berserker
    44 | D        | Reached XP level 17. HP: -26/104 MP: 49/49
    44 | D        | Noticed a large bag of meat
    44 | D        | Noticed a sculptor of flesh
    45 | D        | Noticed a sculptor of flesh
    46 | D        | Noticed a large bag of meat
    47 | D        | Reached XP level 18. HP: 109/109 MP: 50/50
    48 | D        | Noticed a meat berserker
    48 | D        | Noticed an eight-headed meat hydra
    51 | D        | Killed a large bag of meat
    51 | D        | Annihilated by a sculptor of flesh

Skill      XL: |  1  2  3  4  5  6  7  8  9 10 11 12 13 14 15 16 17 18 |
---------------+-------------------------------------------------------+-----
Fighting       | 13 17 20 27 | 27.0
Dodging        | 16 20 24 27 | 27.0
Unarmed Combat | 21 25 27 | 27.0
Stealth        | 22 27 | 27.0
Spellcasting   | 15 21 24 27 | 27.0
Invocations    | 16 22 26 27 | 27.0

Action                   |  1- 3 |  4- 6 |  7- 9 | 10-12 | 13-15 | 16-18 || total
-------------------------+-------+-------+-------+-------+-------+-------++-------
Melee: Unarmed           |     1 |       |       |     2 |     6 |    14 ||    23
Dodge: Dodged            |       |       |       |     1 |     3 |    18 ||    22
